AoeStats
← Babuali

Black Forest

510158149Analyzed
2v2 RM · 1d ago on Sep 29, 2026· 52m 45s· 4 players
Game mode
Random Map
Map size
Medium (4 player)
Population
200
Speed
Normal
Resources
Standard
Victory
Conquest
Starting age
Dark Age
Ending age
Imperial Age
RankedLock teamsTeams togetherTeam positionsShared explorationLock speedFull tech treeHidden civsTurbo modeCheats
Victory
Defeat
🇹🇷 Italians · Türkiye
1082
+14
🇹🇷 Persians · Türkiye
1073
+15
🇨🇿 Britons · Czechia
1064
-15
🇨🇿 Magyars · Czechia
1026
-14
Lovatý čávo
0:27 Loom
13:29 Feudal Age
17:45 Castle Age
15:30 Horse Collar
17:46 Double-Bit Axe
22:37 Heavy Plow
22:54 Bow Saw
25:12 Gold Mining
25:12 Stone Mining
25:18 Stone Mining
29:21 Gold Shaft Mining
33:43 Imperial Age
31:51 Wheelbarrow
31:04 Town Watch
33:34 Masonry
33:21 Fletching
33:31 Padded Archer Armor
32:54 Elite Skirmisher
33:44 Corvinian Army
35:23 Crop Rotation
35:59 Two-Man Saw
36:13 Scale Barding Armor
36:03 Bodkin Arrow
36:23 Leather Archer Armor
36:24 Bloodlines
36:14 Husbandry
39:42 Bracer
40:12 Ring Archer Armor
40:03 Chain Barding Armor
39:20 Elite Magyar Huszar
40:48 Recurve Bow
46:53 Plate Barding Armor
yoselibero
0:31 Loom
11:28 Feudal Age
17:34 Castle Age
16:00 Fletching
16:03 Double-Bit Axe
17:56 Stone Mining
19:05 Gold Mining
19:27 Horse Collar
25:58 Heavy Plow
27:38 Bow Saw
28:49 Wheelbarrow
30:55 Hand Cart
33:19 Imperial Age
32:11 Bodkin Arrow
32:53 Gold Shaft Mining
32:10 Town Watch
33:35 Ballistics
32:39 Pikeman
33:58 Padded Archer Armor
34:05 Bracer
34:32 Squires
34:33 Padded Archer Armor
35:41 Chemistry
35:16 Conscription
36:17 Two-Man Saw
36:35 Forging
36:55 Halberdier
38:56 Yeomen
39:56 Leather Archer Armor
40:27 Warwolf
40:45 Town Patrol
41:19 Ring Archer Armor
42:04 Elite Longbowman
44:25 Onager
49:52 Scale Mail Armor
50:28 Iron Casting
50:00 Murder Holes
49:46 Treadmill Crane
52:46 Chain Mail Armor
53:32 Blast Furnace
osays59
0:29 Loom
14:42 Feudal Age
15:32 Double-Bit Axe
16:49 Town Watch
16:56 Fishing Lines
20:55 Castle Age
20:15 Wheelbarrow
19:27 Horse Collar
27:37 Bow Saw
27:32 Heavy Plow
27:32 Stone Mining
29:27 Hand Cart
28:50 Pikeman
29:31 Squires
29:23 Fletching
29:33 Padded Archer Armor
29:36 Gold Mining
30:10 Town Patrol
31:31 Silk Road
31:41 Ballistics
31:33 Fortified Wall
31:34 Masonry
31:05 Treadmill Crane
31:22 Bodkin Arrow
31:28 Padded Archer Armor
32:05 Caravan
35:50 Imperial Age
33:24 Scale Mail Armor
33:34 Forging
33:30 Scale Barding Armor
34:18 Stone Shaft Mining
34:11 Leather Archer Armor
34:44 Chain Mail Armor
34:27 Elite Skirmisher
35:14 Thumb Ring
34:53 Light Cavalry
35:44 Bloodlines
35:38 Man-at-Arms
36:43 Chain Barding Armor
36:58 Iron Casting
35:49 Crossbowman
36:53 Conscription
36:47 Elite Genoese Crossbowman
37:07 Capped Ram
38:53 Chemistry
38:24 Architecture
38:29 Bracer
39:28 Pirotechnia
40:30 Ring Archer Armor
41:01 Blast Furnace
40:32 Plate Mail Armor
40:37 Plate Barding Armor
40:08 Onager
41:18 Gillnets
41:15 Hussar
41:57 Husbandry
42:48 Bombard Tower
47:42 Cavalier
51:39 Plate Barding Armor
Babuali
1:52 Loom
13:07 Feudal Age
15:03 Wheelbarrow
14:15 Double-Bit Axe
19:12 Castle Age
18:52 Horse Collar
19:03 Gold Mining
19:06 Stone Mining
20:23 Heavy Plow
27:04 Hand Cart
28:07 Stone Shaft Mining
28:09 Gold Shaft Mining
27:47 Caravan
32:21 Imperial Age
29:38 Town Watch
32:00 Bow Saw
32:32 Forging
32:27 Scale Barding Armor
32:23 Scale Mail Armor
32:23 Padded Archer Armor
32:14 Fletching
33:34 Conscription
34:18 Chemistry
33:38 Ballistics
32:45 Elite War Elephant
34:04 Iron Casting
34:22 Crop Rotation
35:20 Hoardings
34:58 Masonry
35:13 Town Patrol
35:33 Leather Archer Armor
35:39 Chain Barding Armor
35:34 Chain Mail Armor
35:49 Cavalier
36:31 Husbandry
36:43 Bloodlines
38:15 Two-Man Saw
37:10 Savar
38:59 Blast Furnace
37:55 Bodkin Arrow
38:30 Ring Archer Armor
41:14 Plate Barding Armor
41:09 Plate Mail Armor
Connection lost

Rejoining the realm…

Still unreachable

The connection could not be restored.

Session expired

The server has moved on; the page needs a fresh start.